 Dungeon Crawl Stone Soup version 0.30-a0-1124-g6e8f0f562f (webtiles) character file.

Game seed: 3976241841589188528

2460 Jeffwins the Skirmisher (level 9, 0/60 (69) HPs)
             Began as a Human Wanderer on Apr 23, 2023.
             Was an Initiate of Vehumet.
             Slain by a wight
             ... wielding a +0 long sword
              (5 damage)
             ... on level 7 of the Dungeon.
             The game lasted 00:16:27 (7498 turns).

Jeffwins the Skirmisher (Human Wanderer)            Turns: 7498, Time: 00:16:28

HP:   0/60 (69)     AC:  4    Str: 10 (11) XL:     9   Next: 79%
MP:   11/11         EV: 10    Int: 13 (14) God:    Vehumet [......]
Gold: 540           SH:  0    Dex: 17      Spells: 10/11 levels left

rFire   . . .        a - +3 sling
rCold   . . .        (no shield)
rNeg    + . .        d - +0 leather armour
rPois   .            k - +0 helmet
rElec   .            (no cloak)
rCorr   .            (no gloves)
SInv    .            (no boots)
Will    .....        (no amulet)
Stlth   +++          N - ring of positive energy
HPRegen 0.30/turn    (no ring)
MPRegen 0.12/turn

%: no passive effects
@: studying Long Blades, heavily drained, invisible
A: no striking features
a: Renounce Religion


You were on level 7 of the Dungeon.
You worshipped Vehumet.
Vehumet was noncommittal.
You visited 2 branches of the dungeon, and saw 8 of its levels.
You also visited: Ossuary.

You collected 540 gold pieces.


   Skills:
 + Level 6.0 Fighting
 - Level 3.0 Axes
 * Level 9.6 Ranged Weapons
 - Level 5.0 Stealth
 * Level 1.6 Spellcasting
 * Level 1.8 Conjurations
 * Level 1.9 Fire Magic
 * Level 1.8 Air Magic
 + Level 3.5 Evocations


You had 10 spell levels left.
You knew the following spells:

 Your Spells              Type           Power      Damage    Failure   Level
z - Foxfire               Conj/Fire      20%        2x1d5     17%         1

Your spell library contained the following spells:

 Spells                   Type           Power      Damage    Failure   Level
 Apportation              Tloc           2%         N/A       36%         1
 Necrotise                Necr           4%         1d4       36%         1
 Summon Small Mammal      Summ           4%         N/A       36%         1
 Fireball                 Conj/Fire      2%         3d4       99%         5
 Plasma Beam              Fire/Air       2%         2x1d14    100%        6
 Starburst                Conj/Fire      2%         6d3       100%        6

Inventory:

Hand Weapons
 a - a +3 sling (weapon)
 b - a +0 hand axe
 n - a +3 long sword
Missiles
 h - 8 poisoned darts
Armour
 d - a +0 leather armour (worn)
 k - a +0 helmet (worn)
 v - a +0 pair of boots
Jewellery
 C - a ring of ice
 L - a ring of flight
 N - a ring of positive energy (left hand)
Scrolls
 c - 2 scrolls of blinking
 g - a scroll of vulnerability {!r}
 i - 3 scrolls of magic mapping
 o - 4 scrolls of fog
 r - 2 scrolls of enchant weapon
 y - a scroll of poison {!r}
Potions
 e - a potion of berserk rage {unknown}
 f - 3 potions of haste {unknown}
 p - a potion of curing {@q1}
 q - 2 potions of mutation {unknown}
 s - a potion of magic {unknown}
 t - 3 potions of invisibility
 w - a potion of might
 z - a potion of brilliance {unknown}

Dungeon Overview and Level Annotations

Branches:
Dungeon (7/15)             Temple (1/1) D:6         Ossuary (visited)

Altars:
Ashenzari
Dithmenos
Elyvilon
Fedhas
Hepliaklqana
Kikubaaqudgha
Nemelex Xobeh
Okawaru
Qazlal
Ru
Sif Muna
Trog
Uskayaw
Vehumet
Wu Jian
Xom
Yredelemnul
Zin

Shops:
D:1 (   D:4 ( D:5

( ##.........##
#...........#
#...........#
#...........# #####
######...##...####
..#..##.#..#†..##...####
....!.?.#......#........
........#......#........
.......@#......#........
.......z#......#........
.......)#......#......>.
........#......+........
.......!#......#........
.###...?####'#####+####.
.###:...###....###..####
.........#>......#....+.
.........'.......#..z.#.


You could see a wight (unable to see you).


Message History

Press: ? - help, Shift-Dir - straight line, f/p - wight
Aim: a wight, wielding a +0 long sword and wearing a +0 robe (moderately damaged, chance to affect: 58%)
The wight resists with significant effort.
The wight hits you with a +0 long sword.
* * * LOW HITPOINT WARNING * * *
You partially resist.
You feel drained.
Unknown command.
Aiming: Paralyse
Press: ? - help, Shift-Dir - straight line, f/p - wight
Aim: a wight, wielding a +0 long sword and wearing a +0 robe (moderately damaged, chance to affect: 58%)
The wight resists with significant effort.
The now-empty wand crumbles to dust.
The wight closely misses you.
Unknown command.
Unknown command.
You feel better.
The wight hits you with a +0 long sword.
* * * LOW HITPOINT WARNING * * *
You feel better.
The wight hits you with a +0 long sword.
* * * LOW HITPOINT WARNING * * *
You partially resist.
You feel drained.
You feel better.
The wight hits you with a +0 long sword!
* * * LOW HITPOINT WARNING * * *
You partially resist.
You feel drained.
* * * LOW HITPOINT WARNING * * *
It was a potion of invisibility.
You fade into invisibility!
The wight hits you with a +0 long sword.
You die...

Skill      XL: |  1  2  3  4  5  6  7  8  9 |
---------------+----------------------------+-----
Stealth        | 1 2 3 4 5 |  5.0
Ranged Weapons | 6 7 8 9 |  9.6
Fighting       | 3 4 5 6 |  6.0
Evocations     | 2 3 |  3.5
Conjurations   | 1 |  1.8
Fire Magic     | 1 |  1.9
Air Magic      | 1 |  1.8
Spellcasting   | 1 |  1.6
Axes           | |  3.0

Action                     |  1- 3 |  4- 6 |  7- 9 || total
---------------------------+-------+-------+-------++-------
  Melee: Long sword        |       |     7 |       ||     7
   Fire: Sling             |    77 |   216 |   378 ||   671
   Cast: Foxfire           |       |       |     2 ||     2
  Evoke: Wand              |       |       |    18 ||    18
    Use: Potion            |       |     6 |     8 ||    14
         Scroll            |       |     4 |    12 ||    16
 Armour: Leather armour    |     1 |    24 |    43 ||    68
  Dodge: Dodged            |    13 |    55 |    78 ||   146

Levels and vault maps discovered:
D:1:      mrwooster_arrival_statue_2, layout_rooms, serial_shops, shop,
          chequers_decorated_corner
D:2:      layout_loops_ring, shapermc_ecumenical_altar_notcrosses
D:3:      layout_loops_corners, okawaru_ov_weapons_minmay
D:4:      layout_gridville, mainiacjoe_overflow_concentric_impassable,
          serial_shops, nicolae_shop_peninsula,
          nicolae_ossuary_entry_false_entrances, minmay_manual_moon
D:5:      layout_basic, yredelemnul_forgotten_temple_becter,
          amcnicky_altar_gilded, serial_shops,
          nicolae_shop_bloodbath_and_beyond, uniq_menkaure
D:6:      layout_gridville, kennysheep_mini_moat, kennysheep_mini,
          minmay_temple_entry_offerings, corexii_leaking_fountain, st_stairs_12
D:7:      layout_gridville, nicolae_shop_overcharged_wands
Temple:   hellmonk_temple_forest_ring

Notes
Turn   | Place    | Note
-------+----------+-------------------------------------------
     0 | D:1      | Jeffwins the Human Wanderer began the quest for the Orb.
     0 | D:1      | Jeffwins set off with the following items: a +3 sling, a +0
                  | hand axe, a scroll of blinking, a +0 leather armour.
     0 | D:1      | Reached XP level 1. HP: 16/16 MP: 1/1
    55 | D:1      | Reached XP level 2. HP: 22/22 MP: 2/2
   201 | D:1      | Found Womna's Weapon Shop.
   225 | D:1      | Reached skill level 1 in Stealth
   403 | D:2      | Reached XP level 3. HP: 28/28 MP: 3/3
   479 | D:2      | Found a faded altar of an unknown god.
   492 | D:2      | HP: 1/28 [hobgoblin/+0 dagger of distortion (3)]
   732 | D:2      | Reached XP level 4. HP: 33/34 MP: 4/4
   952 | D:2      | HP: 1/34 [gnoll/+0 spear (10)]
   953 | D:2      | Reached skill level 2 in Stealth
   957 | D:2      | HP: 3/34 [gnoll/+0 spear (2)]
   960 | D:2      | Reached XP level 5. HP: 3/40 MP: 5/5
  1549 | D:3      | Reached skill level 6 in Ranged Weapons
  1550 | D:3      | Reached skill level 3 in Fighting
  1609 | D:3      | Found an iron altar of Okawaru.
  2012 | D:3      | Reached XP level 6. HP: 44/47 MP: 6/6
  2530 | D:4      | Found a sand-covered staircase.
  2574 | Ossuary  | Entered an ossuary
  2754 | Ossuary  | Reached skill level 3 in Stealth
  3072 | Ossuary  | Reached XP level 7. HP: 49/53 MP: 7/7
  3136 | Ossuary  | Reached skill level 7 in Ranged Weapons
  3205 | Ossuary  | Reached skill level 4 in Fighting
  3305 | D:4      | Found a shadowy altar of Dithmenos.
  3330 | D:4      | Found Wagadic's Weapon Shop.
  3379 | D:4      | Reached skill level 4 in Stealth
  3385 | D:4      | Reached XP level 8. HP: 45/61 MP: 8/8
  3581 | D:4      | You fall into a shaft and drop 1 floor!
  3581 | D:5      | Entered Level 5 of the Dungeon
  3595 | D:5      | Reached skill level 8 in Ranged Weapons
  3833 | D:5      | Found a basalt altar of Yredelemnul.
  3886 | D:5      | Reached skill level 1 in Evocations
  3947 | D:5      | Reached skill level 5 in Fighting
  4131 | D:5      | Reached skill level 5 in Stealth
  4133 | D:5      | Noticed Menkaure
  4141 | D:5      | Killed Menkaure
  4142 | D:5      | Reached skill level 2 in Evocations
  4222 | D:5      | Reached XP level 9. HP: 63/68 MP: 9/9
  4301 | D:5      | Found an ancient bone altar of Kikubaaqudgha.
  4783 | D:5      | Reached skill level 9 in Ranged Weapons
  4897 | D:5      | Found Etsy's Weapon Emporium.
  5227 | D:6      | Reached skill level 3 in Evocations
  5666 | D:6      | Found a white marble altar of Elyvilon.
  5904 | D:6      | Found a shimmering blue altar of Sif Muna.
  6071 | D:6      | Found a staircase to the Ecumenical Temple.
  6165 | Temple   | Entered the Ecumenical Temple
  6375 | Temple   | Became a worshipper of Vehumet
  6393 | D:6      | Learned a level 1 spell: Foxfire
  7009 | D:7      | Identified a potion of resistance
  7010 | D:7      | Reached skill level 1 in Conjurations
  7010 | D:7      | Reached skill level 1 in Fire Magic
  7010 | D:7      | Reached skill level 1 in Air Magic
  7019 | D:7      | Reached skill level 1 in Spellcasting
  7232 | D:7      | Reached skill level 6 in Fighting
  7493 | D:7      | HP: 4/65 [wight/+0 long sword (3)]
  7498 | D:7      | Slain by a wight

Vanquished Creatures
  A wyvern (D:7)
  A steam dragon (D:7)
  Menkaure (D:5)
  A black bear (D:4)
  3 ogres
  An ice beast (D:5)
  A sky beast (D:4)
  2 scorpions
  3 wights (D:7)
  5 killer bees (D:7)
  2 centaur zombies (Ossuary)
  A human zombie (Ossuary)
  2 orc priests
  2 hounds
  2 jellies
  2 gnoll boudas (D:5)
  A sleepcap (D:7)
  3 iguanas
  6 orc wizards
  3 ogre zombies (Ossuary)
  7 mummies (Ossuary)
  12 gnolls
  4 adders
  A white imp (D:5)
  An ufetubus (D:5)
  3 adder zombies (Ossuary)
  3 worms
  27 orcs
  6 endoplasms
  A giant cockroach (D:1)
  8 goblins
  7 hobgoblins
  6 jackals
  12 kobolds
  4 quokkas
  4 ball pythons
  5 bats
  3 frilled lizards
  4 goblin zombies (Ossuary)
  2 hobgoblin zombies (Ossuary)
  5 kobold zombies (Ossuary)
  4 quokka zombies (Ossuary)
  2 rats
  6 rat zombies (Ossuary)
  A spectral orc (D:5)
181 creatures vanquished.

Vanquished Creatures (others)
  4 foxfires (D:7)
4 creatures vanquished.

Grand Total: 185 creatures vanquished

Table legend: (Time is in decaauts)
 A = Elapsed time spent in this place.
 B = Non-inter-level travel time spent in this place.
 C = Inter-level travel time spent in this place.
 D = Time resting spent in this place.
 E = Time spent auto-exploring this place.
 F = Levels seen in this place.
 G = Mean time per level.
                   A        B        C        D        E       F      G
               +--------+--------+--------+--------+--------+-----+--------+
         Total |   7551 |   7364 |    187 |    643 |   5240 |   9 |  839.0 |
       Dungeon |   6600 |   6442 |    158 |    640 |   4609 |   7 |  942.9 |
        Temple |    224 |    195 |     29 |      0 |    184 |   1 |  224.0 |
       Ossuary |    725 |    725 |      0 |      3 |    447 |   1 |  725.0 |
               +--------+--------+--------+--------+--------+-----+--------+

Top non-repeatable levels by time:
     D:5: 1526 daAuts
     D:6: 1504 daAuts
     D:2: 1112 daAuts
     D:3: 1007 daAuts
 Ossuary: 725 daAuts
     D:7: 661 daAuts
     D:1: 415 daAuts
     D:4: 373 daAuts
  Temple: 224 daAuts

Table legend:
 A = Non-vault XP
 B = Vault XP
 C = Vault XP percentage of total XP
 D = Non-vault monster count
 E = Vault monster count
 F = Vault count percentage of total count
                 A         B        C        D         E       F
            +---------+---------+-------+---------+---------+-------
      Total |    2665 |     850 |  24.2 |     136 |      45 |  24.9
            +---------+---------+-------+---------+---------+-------
        D:1 |      27 |       0 |   0.0 |      18 |       0 |   0.0
        D:2 |     127 |       0 |   0.0 |      28 |       0 |   0.0
        D:3 |     144 |       0 |   0.0 |      23 |       0 |   0.0
        D:4 |     156 |     295 |  65.4 |       9 |       5 |  35.7
        D:5 |     953 |     170 |  15.1 |      34 |       2 |   5.6
        D:6 |     263 |       3 |   1.1 |      12 |       1 |   7.7
        D:7 |     995 |       0 |   0.0 |      12 |       0 |   0.0
    Ossuary |       0 |     382 | 100.0 |       0 |      37 | 100.0
            +---------+---------+-------+---------+---------+-------
